 Dungeon Crawl Stone Soup version 0.30-a0-726-gd89dcf765f (webtiles) character file.

Game seed: 153524284293394069

57715 Bnni the Impaler (level 15, -9/122 HPs)
             Began as a Formicid Fighter on Jan 29, 2023.
             Was a Follower of Yredelemnul.
             Killed from afar by an ironbound frostheart (28 damage)
             ... by creeping frost
             ... in an ice cave.
             The game lasted 00:38:03 (16963 turns).

Bnni the Impaler (Formicid Fighter)                Turns: 16963, Time: 00:38:04

Health: -9/122     AC: 19    Str: 24    XL:     15   Next: 27%
Magic:  14/24      EV: 11    Int: 12    God:    Yredelemnul [*.....]
Gold:   1029       SH: 13    Dex: 16    Spells: 14/14 levels left

rFire   . . .      SeeInvis +    w - +8 spear (venom)
rCold   . . .      Faith    +    q - +0 kite shield
rNeg    . . .      Spirit   .    B - +0 plate armour
rPois   .          Reflect  .    (helmet unavailable)
rElec   .          Harm     .    t - +1 cloak
rCorr   .          Rampage  +    (no gloves)
Will    +....                    n - +2 pair of boots {rampage} Stlth
                                 L - amulet of faith
HPRegen 0.40/turn                i - ring of the Bedazzling Traitor {Fly EV+5 Str-3 Int+3 Dex+3}
MPRegen 0.19/turn                (no ring)

@: frozen, flying, studying Unarmed Combat, very slow
A: permanent stasis, dig shafts and tunnels, antennae 3, four strong arms
a: Dig, Renounce Religion, Recall Undead Harvest


You were in an ice cave.
You worshipped Yredelemnul.
Yredelemnul was pleased with you.
You visited 2 branches of the dungeon, and saw 15 of its levels.
You visited the Abyss 1 time.
You also visited: Ice Cave.

You collected 1029 gold pieces.

Inventory:

Hand Weapons
 w - a +8 spear of venom (weapon)
 H - a +0 glaive
Missiles
 e - 2 throwing nets
 y - 8 boomerangs
 z - 3 curare-tipped darts
 C - 4 javelins
 F - a boomerang of dispersal
Armour
 c - the +1 scale mail of Hysteria {rF+ rN++}
   (You found it on level 7 of the Dungeon)

   rF:        It protects you from fire.
   rN:        It greatly protects you from negative energy.
 n - a +2 pair of boots of rampaging (worn)
 q - a +0 kite shield (worn)
 t - a +1 cloak (worn)
 B - a +0 plate armour (worn)
Jewellery
 i - the ring of the Bedazzling Traitor (left hand) {Fly EV+5 Str-3 Int+3 Dex+3}
   (You found it on level 10 of the Dungeon)

   [ring of evasion]

   EV:        It affects your evasion (+5).
   Str:       It affects your strength (-3).
   Int:       It affects your intelligence (+3).
   Dex:       It affects your dexterity (+3).
   Fly:       It grants you flight.
 D - a ring of fire
 L - an amulet of faith (around neck)
Wands
 m - a wand of charming (9)
 p - a wand of iceblast (4)
 J - a wand of flame (18)
Scrolls
 d - 6 scrolls of poison
 f - 5 scrolls of fear
 g - 4 scrolls of brand weapon
 j - 2 scrolls of immolation
 k - 3 scrolls of enchant weapon
 o - 2 scrolls of enchant armour
 r - 5 scrolls of amnesia
 u - 2 scrolls of torment
 v - 2 scrolls of vulnerability
 K - a scroll of fog
Potions
 a - 2 potions of mutation
 b - a potion of degeneration {unknown}
 h - a potion of lignification
 l - 3 potions of attraction
 s - a potion of invisibility {unknown}
 A - 3 potions of curing
 E - 3 potions of heal wounds {unknown}
 G - a potion of ambrosia
 I - 2 potions of flight {unknown}
Miscellaneous
 x - a phantom mirror


   Skills:
 + Level 12.5 Fighting
 * Level 15.6 Polearms
 - Level 8.3 Armour
 - Level 14.0 Shields
 + Level 12.5 Invocations


You had 14 spell levels left.
You didn't know any spells.
Your spell library contained the following spells:

 Spells                   Type           Power      Damage    Failure   Level
 Freeze                   Ice            0%         1d3       100%        1
 Magic Dart               Conj           0%         1d3       100%        1
 Call Imp                 Summ           0%         N/A       100%        2
 Lesser Beckoning         Tloc           0%         N/A       100%        2
 Momentum Strike          Conj/Tloc      0%         3d8       100%        2
 Sublimation of Blood     Necr           0%         N/A       100%        2
 Wereblood                Tmut           0%         N/A       100%        2
 Frozen Ramparts          Ice            0%         1d1       100%        3
 Hailstorm                Conj/Ice       0%         3d3       100%        3
 Mephitic Cloud           Conj/Pois/Air  0%         N/A       100%        3
 Portal Projectile        Hex/Tloc       0%         N/A       100%        3
 Tukima's Dance           Hex            0%         N/A       100%        3
 Cause Fear               Hex            0%         N/A       100%        4
 Blade Hands              Tmut           0%         N/A       100%        5
 Dragon Form              Tmut           0%         N/A       100%        7
 Summon Hydra             Summ           0%         N/A       100%        7
 Necromutation            Tmut/Necr      0%         N/A       100%        8
 Dragon's Call            Summ           0%         N/A       100%        9
 Blink                    Tloc           Unusable   N/A       N/A         2
 Swiftness                Air            Unusable   N/A       N/A         3
 Simulacrum               Ice/Necr       Unusable   N/A       N/A         6

Dungeon Overview and Level Annotations

Branches:
Dungeon (14/15)            Temple (1/1) D:4            Lair (0/5) D:10
    Orc (0/2) D:10          IceCv (1/1)
 Vaults: D:13-14

Altars:
Ashenzari
Cheibriados
Elyvilon
Fedhas
Gozag
Hepliaklqana
Kikubaaqudgha
Nemelex Xobeh
Qazlal
Ru
Sif Muna
Trog
Wu Jian
Xom
Yredelemnul
Zin
The Shining One

Shops:
D:1 !   D:10 *


Innate Abilities, Weirdness & Mutations

You cannot be hasted, slowed, berserked, paralysed or teleported.
You can dig through walls and to a lower floor.
You have a pair of large antennae on your head. (SInv)
Your four strong arms can wield two-handed weapons with a shield.


Message History

You swap places.
Something touches your polar bear zombie.
Something freezes your polar bear zombie.
Your polar bear zombie resists.
Something barely misses your polar bear zombie.
Something touches your polar bear zombie!
Something freezes your polar bear zombie.
Your polar bear zombie resists.
You swap places.
Something trunk-slaps your polar bear zombie.
Something freezes your polar bear zombie.
Your polar bear zombie resists.
Something touches your polar bear zombie.
Something freezes your polar bear zombie.
Your polar bear zombie resists.
Something trunk-slaps your polar bear zombie!
Something freezes your polar bear zombie.
Your polar bear zombie resists.
Your polar bear zombie is destroyed!
You can no longer trade souls for undead servants.
You swap places.
The ice encasing you melts away.
Your vampire knight hits the white ugly thing with a +1 war axe of venom!!
Your vampire knight bites the white ugly thing!
The white ugly thing dies!
The dead are walking!
The ironbound frostheart calls freezing cold from the walls.
The frost grips you!!
* * * LOW HITPOINT WARNING * * *
You are encased in ice.
The frost grips your ugly thing zombie.
Your ugly thing zombie resists.
The frost grips your vampire knight.
Your vampire knight resists.
The frost grips your rime drake zombie!
Your rime drake zombie resists.
The ironbound frostheart calls freezing cold from the walls.
The frost grips you!!
You die...
Your body rises from the dead as a mindless zombie. #.##.# ..##. .... ##.# .## .... ##..###.# h.... ##...##..## uh...

#.{.#..#..# {uu.
#...#.#.#.###pC#
#.{######WZ#.p#
#Z.#≈##≈##@VZ#
#.##≈≈#≈≈##Z##
#{##≈≈≈≈≈≈###
##{#≈≈≈≈≈≈##
#Z#Z≈≈≈≈≈≈#
##zZZ≈≈≈≈≈#
##ZZ≈≈≈≈≈≈#
#ZZ#≈≈≈≈≈##
##Z###≈≈≈###


You could see a frost giant, 2 ugly things, 2 ironbound frosthearts, a polar
bear, a friendly vampire knight (summoned, fast), a friendly eidolon (summoned),
a friendly polar bear zombie, a friendly rime drake zombie and a friendly ugly
thing zombie.

Vanquished Creatures
  A white draconian (IceCv)
  4 centaur warriors
  Erica (D:11)
  The ghost of Heedrag the Geomancer, a novice GrEE of Vehumet (D:8)
  The ghost of NoOffense the Ruffian, a novice TrMo of Hepliaklqana (D:7)
  A wizard (D:14)
  A deep elf pyromancer (D:14)
  7 ugly things
  A cyclops (D:13)
  A gargoyle (D:13)
  11 rime drakes (IceCv)
  2 unseen horrors
  13 polar bears (IceCv)
  7 trolls
  A shadow (D:12)
  3 wraiths
  A wyvern (D:9)
  A human (D:10)
  20 yaks
  A steam dragon (D:7)
  A water moccasin (D:7)
  An acid dragon (D:11)
  4 sky beasts
  6 ice beasts
  An orc warrior (D:7)
  2 ogres
  9 centaurs
  Blork the orc (D:6)
  A kobold brigand (D:9)
  2 bullfrogs
  2 gnoll sergeants
  A deep troll simulacrum (D:14)
  4 scorpions
  A necrophage (D:5)
  A wyvern zombie (D:6)
  A water moccasin zombie (D:6)
  13 wights
  13 killer bees
  A troll skeleton (D:10)
  4 spriggan skeletons (D:10)
  An electric eel (D:12)
  3 howler monkeys
  A centaur zombie (D:6)
  2 wyvern simulacra (D:8)
  A bullfrog skeleton (D:6)
  A hound (D:6)
  4 gnoll boudas
  2 orc priests
  3 jellies
  6 iguanas
  7 orc wizards
  A killer bee zombie (D:6)
  A centaur simulacrum (D:8)
  A killer bee simulacrum (D:8)
  29 gnolls
  9 adders
  2 white imps
  A howler monkey simulacrum (D:8)
  An ufetubus (D:5)
  2 worms
  A dart slug (D:3)
  27 orcs
  11 endoplasms
  A giant cockroach (D:1)
  5 goblins
  6 hobgoblins
  4 jackals (D:1)
  16 kobolds
  2 quokkas
  8 ball pythons
  5 bats
  4 frilled lizards
  3 rats
319 creatures vanquished.

Vanquished Creatures (collateral kills)
  A slime creature (D:12)
  An ironbound frostheart (IceCv)
  A centaur warrior (D:14)
  A two-headed ogre (D:11)
  A spriggan simulacrum (D:14)
  13 ugly things
  2 manticores
  A moth of wrath (D:7)
  Maurice (D:11)
  8 rime drakes (IceCv)
  A kobold demonologist (D:12)
  2 polar bears (IceCv)
  2 wraiths
  10 yaks
  2 minotaur simulacra (D:14)
  2 vampire mosquitoes (D:12)
  2 wargs (D:10)
  An ogre (D:7)
  3 centaurs
  A bullfrog (D:9)
  A scorpion (D:5)
  3 deep troll simulacra (D:14)
  A gnoll sergeant (D:9)
  A wight (D:6)
  4 killer bees
  A lindwurm simulacrum (D:14)
  2 spriggan skeletons (D:10)
  A howler monkey (D:10)
  2 gnoll boudas
  2 orc priests (D:10)
  2 hounds (D:5)
  2 orc wizards
  11 gnolls
  A white imp (D:7)
  An ufetubus (D:7)
  10 orcs
  A goblin (D:10)
  A kobold (D:7)
103 creatures vanquished.

Vanquished Creatures (others)
  3 ugly thing zombies
  A spectral troll (D:10)
  A vampire mosquito zombie (D:12)
  8 rime drake zombies (IceCv)
  A warg zombie (D:10)
  3 polar bear zombies (IceCv)
  A yak zombie (D:10)
  2 bullfrog zombies
  7 centaur zombies
  2 human zombies
  A kobold zombie (D:12)
  2 ogre zombies
  2 hound zombies
  A howler monkey zombie (D:5)
  An adder zombie (D:5)
  An iguana zombie (D:7)
  A jelly zombie (D:7)
  14 orc zombies
  A spectral white imp (D:7)
  20 gnoll zombies
  A spectral ufetubus (D:7)
  2 fungi (D:3)
  7 toadstools (D:3)
83 creatures vanquished.

Grand Total: 505 creatures vanquished

Notes
Turn   | Place    | Note
-------+----------+-------------------------------------------
     0 | D:1      | Bnni the Formicid Fighter began the quest for the Orb.
     0 | D:1      | Reached XP level 1. HP: 18/18 MP: 1/1
    11 | D:1      | Found Bizuod's Distillery.
   118 | D:1      | Reached XP level 2. HP: 23/24 MP: 2/2
   333 | D:1      | Found a faded altar of an unknown god.
   512 | D:1      | Reached XP level 3. HP: 30/30 MP: 3/3
   678 | D:1      | Reached skill level 3 in Polearms
   905 | D:2      | Found a snail-covered altar of Cheibriados.
   936 | D:2      | Reached XP level 4. HP: 20/37 MP: 4/4
  1589 | D:3      | Reached skill level 4 in Polearms
  1589 | D:3      | Reached XP level 5. HP: 39/43 MP: 5/5
  2083 | D:3      | Found a broken altar of Ashenzari.
  2446 | D:4      | Reached XP level 6. HP: 40/49 MP: 6/6
  3398 | D:4      | Reached skill level 5 in Polearms
  3488 | D:4      | Reached skill level 5 in Fighting
  3563 | D:4      | Found a staircase to the Ecumenical Temple.
  3572 | Temple   | Entered the Ecumenical Temple
  3584 | Temple   | Became a worshipper of Yredelemnul the Dark
  3659 | D:4      | Found an ornate altar of the Wu Jian Council.
  3739 | D:5      | Entered Level 5 of the Dungeon
  3821 | D:5      | Found a stormy altar of Qazlal.
  3828 | D:5      | Reached * piety under Yredelemnul
  3905 | D:5      | Reached skill level 1 in Invocations
  3905 | D:5      | Reached XP level 7. HP: 55/56 MP: 7/7
  3973 | D:5      | Reached ** piety under Yredelemnul
  3974 | D:5      | Reached skill level 5 in Shields
  4038 | D:5      | Reached skill level 6 in Polearms
  4161 | D:5      | Reached XP level 8. HP: 63/63 MP: 9/9
  5781 | D:5      | HP: 3/64 [poisoned by a gnoll sergeant]
  5991 | D:6      | Reached skill level 7 in Polearms
  5992 | D:6      | Noticed Blork the orc
  5997 | D:6      | Killed Blork the orc
  6009 | D:6      | Your ally Blork died
  6030 | D:6      | Reached XP level 9. HP: 34/71 MP: 12/12
  6366 | D:6      | Found a shimmering blue altar of Sif Muna.
  6382 | D:6      | Reached skill level 8 in Polearms
  6408 | D:6      | Reached skill level 5 in Invocations
  6684 | D:6      | Found a white marble altar of Elyvilon.
  6845 | D:6      | Reached *** piety under Yredelemnul
  7175 | D:7      | Noticed NoOffense's ghost (novice TrMo)
  7178 | D:7      | Noticed a moth of wrath
  7213 | D:7      | Found a bloodstained altar of Trog.
  7234 | D:7      | Reached skill level 9 in Polearms
  7234 | D:7      | Reached XP level 10. HP: 57/79 MP: 14/14
  7330 | D:7      | Found a transporter.
  8116 | D:7      | Found a transporter.
  8238 | D:7      | Found a glowing silver altar of Zin.
  8246 | D:7      | Identified the +1 scale mail of Hysteria {rF+ rN++}
  8328 | D:7      | Killed NoOffense's ghost
  8335 | D:7      | Killed a moth of wrath
  8336 | D:7      | Reached skill level 10 in Polearms
  8635 | D:8      | Found a runed translucent gate.
  8635 | D:8      | Found a runed translucent gate.
  8635 | D:8      | Found a runed translucent gate.
  8740 | D:8      | Got Dosm's Book of Vile Nephomancy
  8742 | D:8      | Identified the +7 rapier "Rylykeid" {drain, rC+ rN+ Int+2}
  8818 | D:8      | Noticed Heedrag's ghost (novice GrEE)
  8888 | D:8      | Killed Heedrag's ghost
  8895 | D:8      | Reached XP level 11. HP: 80/87 MP: 16/16
  9185 | D:9      | Found an opulent altar of Gozag.
  9238 | D:9      | Reached skill level 11 in Polearms
  9242 | D:9      | Reached skill level 10 in Shields
  9370 | D:9      | Found a blossoming altar of Fedhas.
  9373 | D:9      | Identified the +0 flail "Biqoeps" {flame, rF+}
  9509 | D:9      | Reached **** piety under Yredelemnul
  9736 | D:9      | Found a sacrificial altar of Ru.
  9736 | D:9      | Found a snail-covered altar of Cheibriados.
  9744 | D:9      | Found a faded altar of an unknown god.
  9746 | D:9      | Found a faded altar of an unknown god.
  9748 | D:9      | Found a hazy altar of Hepliaklqana.
  9886 | D:9      | Reached ***** piety under Yredelemnul
 10179 | D:10     | Entered Level 10 of the Dungeon
 10231 | D:10     | Identified the ring of the Bedazzling Traitor {Fly EV+5
                  | Str-3 Int+3 Dex+3}
 10504 | D:10     | Reached skill level 12 in Polearms
 10511 | D:10     | Reached XP level 12. HP: 71/97 MP: 14/18
 10598 | D:10     | Found a staircase to the Lair.
 10644 | D:10     | Found a bloodstained altar of Trog.
 10821 | D:10     | Noticed Nergalle
 10835 | D:10     | Killed Nergalle
 10835 | D:10     | Enslaved Nergalle
 10985 | D:10     | Reached skill level 10 in Fighting
 11047 | D:10     | Found Qalu's Lightly-Used Armoury.
 11142 | D:10     | Noticed Sonja
 11165 | D:10     | Killed Sonja
 11165 | D:10     | Enslaved Sonja
 11300 | D:10     | Found a staircase to the Orcish Mines.
 11774 | D:11     | Noticed Maurice
 11786 | D:11     | Killed Maurice
 11871 | D:11     | Your ally Maurice died
 12042 | D:11     | Reached skill level 10 in Invocations
 12222 | D:11     | Noticed a two-headed ogre
 12230 | D:11     | Killed a two-headed ogre
 12231 | D:11     | Reached skill level 13 in Polearms
 12236 | D:11     | Noticed Erica
 12253 | D:11     | Killed Erica
 12799 | D:12     | Noticed a centaur warrior
 12805 | D:12     | Killed a centaur warrior
 13001 | D:12     | Identified the +0 leather armour of Lust {+Inv}
 13442 | D:12     | Reached XP level 13. HP: 105/105 MP: 20/20
 14354 | D:13     | Noticed a centaur warrior
 14367 | D:13     | Killed a centaur warrior
 14815 | D:13     | Reached skill level 14 in Polearms
 15174 | Abyss:2  | Cast into level 2 of the Abyss (a wizard)
 15177 | Abyss:2  | Found a corrupted altar of Lugonu.
 15206 | D:14     | Escaped the Abyss
 15217 | D:14     | Noticed a centaur warrior
 15219 | D:14     | Killed a centaur warrior
 15237 | D:14     | Reached XP level 14. HP: 98/113 MP: 22/22
 15317 | D:14     | Found a sacrificial altar of Ru.
 15644 | D:14     | Found a frozen archway.
 15694 | IceCv    | Entered an ice cave
 16246 | IceCv    | Noticed a white draconian
 16255 | IceCv    | Reached skill level 15 in Polearms
 16272 | IceCv    | Killed a white draconian
 16685 | IceCv    | Reached XP level 15. HP: 120/120 MP: 24/24
 16689 | IceCv    | Reached ****** piety under Yredelemnul
 16948 | IceCv    | Noticed a frost giant
 16948 | IceCv    | Noticed a frost giant
 16963 | IceCv    | Killed from afar by an ironbound frostheart

Illustrated notes

Levels and vault maps discovered:
D:1:      nicolae_arrival_memento_mori, layout_loops_ring,
          shapermc_ecumenical_altar_gd, serial_shops, nicolae_shop_crystal
D:2:      layout_rooms, basic_altar, minmay_misc_feat_doors, grunt_ministairs_7
D:3:      cheibrodos_fertilizer, layout_loops_corners,
          cheibrodos_ashenzari_chains, grunt_ministairs_5, dk_noncrumbling_4
D:4:      layout_cave_pools, mainiacjoe_overflow_boulevard,
          minmay_temple_entry_poolview
D:5:      layout_gridville, mainiacjoe_overflow_concentric_impassable,
          minmay_manual_mess
D:6:      layout_basic, mainiacjoe_overflow_small_starburst, marbit_many_paths,
          serial_undead, serial_undead_c, serial_undead_e, serial_undead_c,
          serial_undead_b, uniq_blork_the_orc
D:7:      layout_gridville, lemuel_coloured_pillars_altar,
          gammafunk_ghost_wrathful_warriors
D:8:      layout_rooms, gammafunk_ghost_icy
D:9:      layout_basic, mainiacjoe_overflow_paths, mainiacjoe_overflow_alcove_1,
          chequers_temple_overflow_minitemple, serial_corexii_hall,
          chequers_hall_statues_y, chequers_hall_statues_corner_a,
          grunt_ministairs_3
D:10:     layout_stronghold, trog_book, lair_entry_dummy, erik_orc_4,
          serial_glass, glass_columns_a, glass_columns_b, minmay_statues_item,
          minmay_shop_damaged, hangedman_tell_no_tales, uniq_nergalle,
          uniq_sonja
D:11:     layout_loops_ring, uniq_erica, uniq_maurice
D:12:     layout_basic, kennysheep_generic_room_2
D:13:     layout_rooms
D:14:     layout_cave_pods, david_vaults_4, nicolae_ru_sacrificial_ziggurat,
          portal_ice_cave_entry_ice_simulacra, corexii_leaking_fountain
Temple:   nicolae_temple_two_arcs
IceCv:    ice_cave_caverns_02

Skill      XL: |  1  2  3  4  5  6  7  8  9 10 11 12 13 14 15 |
---------------+----------------------------------------------+-----
Polearms       | 3 4 5 6 7 9 10 12 13 14 15 | 15.6
Fighting       | 4 5 6 7 8 9 10 11 12 | 12.5
Invocations    | 1 2 4 5 7 9 10 11 12 | 12.5
Shields        | 5 6 8 9 11 12 13 14 | 14.0
Armour         | 8 |  8.3

Action                     |  1- 3 |  4- 6 |  7- 9 | 10-12 | 13-15 || total
---------------------------+-------+-------+-------+-------+-------++-------
  Melee: Trident           |   107 |   159 |   125 |       |       ||   391
         Spear             |       |       |   162 |   627 |   371 ||  1160
  Throw: Throwing net      |       |       |       |     1 |     3 ||     4
 Invoke: Dark Bargain      |       |       |     1 |     6 |     7 ||    14
         Recall Undead Har |       |       |     1 |    11 |    14 ||    26
         Bind Soul         |       |       |       |     3 |       ||     3
         Drain Life        |       |       |       |       |     1 ||     1
         Stop Recall       |       |       |       |       |     1 ||     1
Ability: Dig               |       |       |       |     2 |       ||     2
  Evoke: Wand              |       |       |     4 |       |       ||     4
    Use: Scroll            |       |       |    10 |     7 |     4 ||    21
         Potion            |       |       |     1 |     5 |     4 ||    10
   Stab: Distracted        |       |       |     1 |     3 |     4 ||     8
         Held in net/web   |       |       |       |       |     1 ||     1
 Armour: Scale mail        |    37 |    30 |    73 |       |       ||   140
         Chain mail        |       |       |     1 |    12 |       ||    13
         Skin              |       |       |       |    15 |       ||    15
         Plate armour      |       |       |       |    73 |    96 ||   169
  Dodge: Dodged            |    41 |    46 |    99 |    87 |    83 ||   356
  Block: Buckler           |    20 |    23 |    47 |       |       ||    90
         Kite shield       |       |       |     2 |   164 |   127 ||   293

Table legend: (Time is in decaauts)
 A = Elapsed time spent in this place.
 B = Non-inter-level travel time spent in this place.
 C = Inter-level travel time spent in this place.
 D = Time resting spent in this place.
 E = Time spent auto-exploring this place.
 F = Levels seen in this place.
 G = Mean time per level.
                   A        B        C        D        E       F      G
               +--------+--------+--------+--------+--------+-----+--------+
         Total |  16515 |  16200 |    315 |   3214 |   9893 |  17 |  971.5 |
       Dungeon |  15301 |  14995 |    306 |   2493 |   9883 |  14 | 1092.9 |
        Temple |     22 |     13 |      9 |      0 |      0 |   1 |   22.0 |
         Abyss |     31 |     31 |      0 |      0 |      0 |   1 |   31.0 |
      Ice Cave |   1159 |   1159 |      0 |    721 |     10 |   1 | 1159.0 |
               +--------+--------+--------+--------+--------+-----+--------+

Top non-repeatable levels by time:
     D:5: 2225 daAuts
     D:3: 1849 daAuts
    D:12: 1558 daAuts
     D:7: 1315 daAuts
    D:10: 1296 daAuts
   IceCv: 1159 daAuts
    D:11: 1087 daAuts
     D:6: 1071 daAuts
     D:9: 1037 daAuts
     D:1: 854 daAuts
    D:13: 742 daAuts
     D:8: 644 daAuts
     D:4: 619 daAuts
    D:14: 569 daAuts
     D:2: 429 daAuts
